 Dungeon Crawl Stone Soup version 0.21.1-1-g345015fe64 (webtiles) character file.

112 ImError the Cudgeler (level 4, -2/40 HPs)
             Began as a Troll Monk on May 3, 2018.
             Slain by a goblin
             ... wielding a +0 dagger
             ... led by Robin
              (7 damage)
             ... on level 3 of the Dungeon on May 4, 2018.
             The game lasted 00:11:10 (1081 turns).

ImError the Cudgeler (Troll Monk)                   Turns: 1081, Time: 00:11:11

Health: -2/40      AC:  6    Str: 19    XL:     4   Next: 64%
Magic:  3/3        EV: 11    Int:  6    God:
Gold:   99         SH:  0    Dex: 13    Spells: 3/3 levels left

rFire    . . .     SeeInvis .   j - +2 quarterstaff (chaos)
rCold    . . .     Gourm    +   (shield currently unavailable)
rNeg     . . .     Faith    .   b - +0 robe
rPois    +         Spirit   .   (helmet restricted)
rElec    .         Reflect  .   k - +0 cloak (curse)
rCorr    .         Harm     .   (gloves unavailable)
MR       .....     Rnd*Rage +   (boots unavailable)
Stlth    ++........             (no amulet)
HPRegen  0.53/turn              (no ring)
MPRegen  0.08/turn              (no ring)

@: no status effects
A: large, unfitting armour, claws 3, berserk 1, blink, fast metabolism 3, frail
1, gourmand, poison resistance, regeneration 1, shaggy fur 1, tough skin 2
a: Blink


You were on level 3 of the Dungeon.
You were very full.

You visited 1 branch of the dungeon, and saw 3 of its levels.

You collected 99 gold pieces.

Inventory:

Hand Weapons
 a - a +0 mace
 j - a +2 quarterstaff of chaos (weapon)
Missiles
 h - 33 stones (quivered)
Armour
 b - a +0 robe (worn)
 k - a cursed +0 cloak (worn)
Jewellery
 f - an uncursed amulet of faith {unknown}
Scrolls
 e - 2 scrolls of remove curse {unknown}
 i - a scroll of identify {unknown}
Potions
 d - a potion of ambrosia {unknown}
Comestibles
 c - 2 rations
 g - 2 chunks of flesh


   Skills:
 + Level 3.1 Fighting
 + Level 3.8 Maces & Flails
 + Level 0.2(2.1) Staves
 + Level 3.1 Dodging
 - Level 1.0 Stealth


You had 3 spell levels left.
You didn't know any spells.

Dungeon Overview and Level Annotations

Branches:
Dungeon (3/15)

Altars:

Annotations:
D:3 Robin


Innate Abilities, Weirdness & Mutations

You are too large for most types of armour.
You have claws for hands.
Your metabolism is lightning-fast.
You like to eat raw meat.
Your natural rate of healing is unusually fast.
You are covered in fur. (AC +1)
You have very tough skin. (AC +2)
You tend to lose your temper in combat.
You can translocate small distances at will.
You are frail. (-10% HP)
Your system is resistant to poisons. (rPois)


Message History

* * * LOW HITPOINT WARNING * * *
You barely miss the goblin. The goblin hits you with a dagger.
* * * LOW HITPOINT WARNING * * *
The goblin hits you with a club.
* * * LOW HITPOINT WARNING * * *
You completely miss the goblin. The goblin closely misses you.
The goblin hits you with a club.
* * * LOW HITPOINT WARNING * * *
You barely miss the goblin.
The hobgoblin no longer looks unusually strong.
The goblin no longer looks unusually strong.
The goblin hits you but does no damage.
Robin roars a battlecry!
The goblins go into a battle-frenzy!
The goblin hits you with a club.
* * * LOW HITPOINT WARNING * * *
You hit the goblin.
You kill the goblin!
The goblin hits you with a dagger!
You die...

##.##.#≈≈≈≈≈≈≈≈P≈
#.##.##♣†≈≈P♣≈≈P #
#..#.#..♣♣♣♣♣ ♣♣
#...#####.#.....#♣
..............#..#
...######..####..#
##...##..####
..#o#########.##.....#
..og{gg@).###.##.###.###
.###g####.......<.......
#####..#.######. ##.#.#
...............
#######...####. ......
###.### #.#


You could see Robin, 2 orcs, a hobgoblin and 2 goblins.

Vanquished Creatures
  Crazy Yiuf (D:2)
  Jessica (D:2)
  Terence (D:2)
  A worm (D:2)
  A giant cockroach (D:2)
  8 goblins
  6 hobgoblins
  3 kobolds (D:2)
  2 quokkas (D:2)
  2 bats (D:2)
  5 rats (D:2)
31 creatures vanquished.

Notes
Turn   | Place    | Note
-------+----------+-------------------------------------------
     0 | D:1      | ImError the Troll Monk began the quest for the Orb.
     0 | D:1      | Reached XP level 1. HP: 22/22 MP: 0/0
    31 | D:1      | You fall through a shaft!
    82 | D:2      | Noticed Terence
    86 | D:2      | Gained mutation: You tend to lose your temper in combat. [potion of mutation]
    86 | D:2      | Gained mutation: You are frail. (-10% HP) [potion of mutation]
    86 | D:2      | Gained mutation: Your system is resistant to poisons. (rPois) [potion of mutation]
    86 | D:2      | Gained mutation: You can translocate small distances at will. [potion of mutation]
    91 | D:2      | Killed Terence
    91 | D:2      | Reached XP level 2. HP: 26/26 MP: 1/1
    91 | D:2      | Reached XP level 3. HP: 32/32 MP: 2/2
   389 | D:2      | Noticed Jessica
   403 | D:2      | Killed Jessica
   456 | D:2      | Reached XP level 4. HP: 36/40 MP: 3/3
   767 | D:2      | Found a runed door.
   923 | D:2      | Noticed Crazy Yiuf
   933 | D:2      | Killed Crazy Yiuf
  1062 | D:3      | Noticed Robin
  1081 | D:3      | Slain by a goblin

Skill      XL: |  1  2  3 |
---------------+----------+-----
Maces & Flails | 3 |  3.8
Fighting       | 3 |  3.1
Dodging        | 3 |  3.1
Staves         | |  0.2
Stealth        | |  1.0

Action                   |  1- 3 |  4- 6 || total
-------------------------+-------+-------++-------
Melee: Mace              |    40 |    14 ||    54
       Quarterstaff      |       |    27 ||    27
 Abil: Blink             |     1 |       ||     1
  Use: Potion            |     1 |     1 ||     2
 Stab: Sleeping          |     1 |       ||     1
       Distracted        |     1 |       ||     1
  Eat: Chunk             |    10 |     5 ||    15
Armor: Robe              |     5 |    14 ||    19
Dodge: Dodged            |    16 |    26 ||    42
